Map: 라이트쉐이드 - 래더

Players

Zest

  • Race: Protoss Protoss
  • League: Master
  • Spawn Location: 5:00

INnoVation - Winner!

  • Race: Terran Terran
  • League: Master
  • Spawn Location: 11:00

VOD

Have the link to the VOD?

Description

Time

  • Played on: Jan. 1, 2021, 7:49 a.m.
  • Length: 9:27
Show
View Real Time Build Order
Export as new Build Order

Zest Protoss 

Build Orders: 1 Gate Expand, Blink Stalkers, Colossus Rush 

Get SALT Encoding   

  12  0:00  Probe  
  13  0:12  Probe  
  14  0:17  Pylon  
  14  0:24  Probe (Chrono Boost)  
  15  0:36  Probe (Chrono Boost)  
  15  0:37  Gateway  
  16  0:44  Probe (Chrono Boost)  
  16  0:46  Assimilator  
  17  0:51  Probe  
  18  1:03  Probe  
  19  1:15  Probe  
  20  1:22  Nexus  
  20  1:32  Cybernetics Core  
  20  1:34  Probe  
  21  1:40  Assimilator  
  21  1:47  Probe  
  22  1:50  Pylon  
  22  1:59  Probe  
  23  2:05  Stalker (Chrono Boost)  
  23  2:09  Warp Gate  
  23  2:11  Probe  
  26  2:20  Twilight Council  
  26  2:23  Probe  
  27  2:32  Stalker  
  27  2:34  Probe (Chrono Boost)  
  30  2:42  Probe (Chrono Boost)  
  31  2:46  Probe (Chrono Boost)  
  31  2:50  Blink (Chrono Boost)  
  33  2:52  Probe x2 (Chrono Boost)  
  34  3:02  Probe  
  34  3:03  Probe  
  38  3:07  Gateway  
  38  3:12  Stalker  
  38  3:18  Probe x2  
  40  3:24  Pylon  
  40  3:30  Probe x2  
  42  3:41  Nexus  
  42  3:50  Robotics Facility  
  42  3:54  Probe (Chrono Boost)  
  36  4:02  Probe (Chrono Boost)  
  34  4:03  Sentry  
  34  4:04  Stalker  
  34  4:06  Probe (Chrono Boost)  
  39  4:14  Phoenix, Probe x2 (Chrono Boost)  
  41  4:22  Probe (Chrono Boost)  
  43  4:25  Probe (Chrono Boost)  
  43  4:27  Probe (Chrono Boost)  
  43  4:28  Stalker  
  43  4:29  Stalker  
  48  4:32  Probe  
  48  4:35  Pylon  
  48  4:37  Probe  
  48  4:38  Observer (Chrono Boost)  
  51  4:44  Probe  
  52  4:49  Probe  
  52  4:56  Probe (Chrono Boost)  
  52  4:57  Probe (Chrono Boost)  
  52  4:59  Observer  
  53  5:01  Shield Battery, Probe (Chrono Boost)  
  54  5:13  Robotics Bay, Probe (Chrono Boost)  
  57  5:14  Probe x2 (Chrono Boost)  
  57  5:15  Assimilator  
  57  5:17  Assimilator  
  57  5:19  Probe (Chrono Boost)  
  57  5:21  Probe (Chrono Boost)  
  60  5:24  Probe (Chrono Boost)  
  61  5:32  Observer, Probe (Chrono Boost)  
  61  5:33  Pylon, Probe (Chrono Boost)  
  63  5:36  Probe (Chrono Boost)  
  63  5:37  Probe (Chrono Boost)  
  63  5:39  Probe  
  69  5:43  Pylon  
  69  5:45  Probe  
  69  5:46  Probe  
  71  5:51  Extended Thermal Lance  
  71  5:52  Probe  
  71  5:55  Gateway  
  73  5:57  Colossus (Chrono Boost), Probe  
  73  5:58  Gateway, Probe  
  73  6:04  Probe  
  77  6:07  Shield Battery  
  77  6:10  Gateway  
  77  6:12  Probe x2  
  77  6:16  Sentry x2  
  83  6:19  Shield Battery  
  83  6:22  Gateway  
  83  6:26  Gateway  
  83  6:31  Pylon  
  83  6:34  Colossus (Chrono Boost)  
  83  6:39  Pylon  
  89  6:44  Gateway  
  89  6:47  Probe x2  
  89  6:48  Probe  
  89  6:51  Pylon  
  92  6:55  Pylon  
  92  7:00  Sentry  
  94  7:01  Zealot x2, Sentry  
  94  7:06  Pylon  
  94  7:08  Probe  
  101  7:15  Colossus (Chrono Boost)  
  101  7:22  Pylon  
  107  7:27  Shield Battery  
  107  7:28  Gateway  
  107  7:30  Gateway  
  107  7:31  Shield Battery  
  107  7:36  Zealot x4  
  115  7:41  Stalker x2  
  119  7:47  Forge  
  119  7:48  Pylon  
  118  8:04  Zealot  
  118  8:05  Zealot x4  
  132  8:18  Pylon  
  98  8:37  Zealot x9  
Show
View Real Time Build Order
Export as new Build Order

INnoVation Terran - Winner!

Build Orders: Banshee Rush 

Get SALT Encoding   

  12  0:00  SCV  
  13  0:12  SCV  
  14  0:17  Supply Depot  
  14  0:24  SCV  
  15  0:38  SCV  
  15  0:40  Barracks  
  16  0:42  Refinery  
  16  0:50  SCV  
  17  1:02  SCV  
  18  1:15  SCV  
  19  1:26  Marine  
  19  1:27  Orbital Command  
  20  1:39  Command Center  
  20  1:51  Factory  
  20  1:53  SCV  
  21  2:03  Barracks Reactor  
  21  2:05  SCV  
  22  2:08  Supply Depot  
  22  2:13  Refinery  
  22  2:17  SCV  
  23  2:30  SCV  
  24  2:40  Starport  
  24  2:41  Hellion  
  24  2:42  Hellion  
  24  2:44  SCV  
  29  2:47  Barracks Tech Lab  
  29  2:52  Orbital Command  
  29  2:56  SCV  
  30  3:03  Hellion  
  32  3:06  Hellion  
  32  3:09  SCV  
  35  3:18  SCV  
  36  3:21  Cloaking Field, SCV  
  36  3:25  Banshee  
  40  3:30  Supply Depot  
  40  3:33  Marine  
  40  3:34  Marine  
  42  3:35  SCV  
  42  3:36  SCV  
  42  3:38  Factory Tech Lab  
  44  3:45  Supply Depot  
  44  3:47  SCV  
  45  3:48  SCV  
  45  3:54  Marine  
  45  3:55  Marine  
  46  3:58  Siege Tank  
  46  4:02  SCV x2  
  45  4:03  Bunker  
  45  4:09  Banshee  
  48  4:12  Marine x2  
  48  4:15  SCV x2  
  52  4:22  Barracks  
  52  4:28  SCV x2  
  52  4:30  Supply Depot, Marine x2  
  56  4:34  Siege Tank  
  59  4:40  SCV x2  
  59  4:43  Barracks  
  61  4:47  Refinery  
  61  4:51  Marine x2  
  61  4:52  Supply Depot  
  63  4:59  SCV x2  
  62  5:05  Engineering Bay  
  62  5:07  Engineering Bay  
  62  5:08  Refinery, Marine  
  62  5:09  Raven, Marine  
  66  5:15  SCV x2  
  66  5:20  Supply Depot, Factory Tech Lab  
  68  5:22  Marine  
  68  5:26  Marine  
  68  5:27  Marine  
  68  5:28  SCV x2  
  73  5:32  Stimpack, Barracks Tech Lab  
  73  5:33  Supply Depot  
  73  5:41  Terran Infantry Weapons Level 1  
  73  5:43  Barracks  
  73  5:44  Barracks  
  73  5:49  SCV x2  
  75  5:53  Terran Infantry Armor Level 1  
  75  5:54  Marine x2  
  77  5:57  Marauder  
  77  5:58  Marauder  
  82  6:04  SCV  
  82  6:05  Supply Depot  
  82  6:06  Starport Reactor  
  85  6:11  Siege Tank  
  85  6:12  Marine x2  
  85  6:15  Supply Depot  
  85  6:16  SCV  
  88  6:20  Supply Depot  
  88  6:21  Marauder  
  88  6:23  Marauder  
  88  6:25  Combat Shield  
  92  6:31  Supply Depot  
  92  6:32  Barracks Reactor  
  92  6:33  Marine x2  
  94  6:43  Medivac  
  96  6:47  Medivac  
  96  6:50  Marine  
  96  6:51  Marine  
  96  6:53  Command Center  
  100  6:59  Marauder x3  
  106  7:05  Siege Tank, Supply Depot  
  109  7:10  Concussive Shells  
  109  7:11  Marine  
  109  7:12  Marine x3  
  112  7:16  Supply Depot  
  112  7:23  Marauder  
  112  7:24  Marauder x2  
  112  7:28  Medivac  
  112  7:29  Marine x3  
  121  7:30  Marine  
  121  7:35  Medivac  
  126  7:38  Supply Depot  
  126  7:45  Marauder x3  
  130  7:55  Marine x2  
  130  7:56  Marine x2  
  134  7:59  Siege Tank  
  134  8:02  Medivac, Supply Depot  
  139  8:06  Orbital Command  
  139  8:19  Marine  
  141  8:20  Marauder x3, Marine x3  
  127  8:41  Marauder x3  
  127  8:43  Siege Tank  
Tags
 
Add a new tag
Caveats
  • Supply blocks, unpowered buildings, or Contaminate may cause inaccurate times.
  • Supply counts are checked every 10 seconds.